 Dungeon Crawl Stone Soup version 0.21-a0-529-g8c7b3f5 (webtiles) character file.

52 lemonriz the Skirmisher (level 3, 0/33 HPs)
             Began as a Minotaur Fighter on Dec 10, 2017.
             Killed by vampiric draining
             ... invoked by Amnesiac's ghost
              (5 damage)
             ... on level 3 of the Dungeon.
             The game lasted 00:02:10 (1396 turns).

lemonriz the Skirmisher (Minotaur Fighter)          Turns: 1396, Time: 00:02:11

Health: 0/33       AC:  7    Str: 20    XL:     3   Next: 60%
Magic:  11/11      EV:  7    Int:  5    God:
Gold:   94         SH:  9    Dex: 10    Spells: 2/2 levels left

rFire    . . .     SeeInvis .   p - +0 dagger (freeze)
rCold    . . .     Gourm    .   c - +0 shield
rNeg     . . .     Faith    .   b - +0 scale mail
rPois    .         Spirit   .   (helmet restricted)
rElec    .         Reflect  .   (no cloak)
rCorr    .         Harm     .   (no gloves)
MR       .....                  (no boots)
Stlth    ..........             (no amulet)
HPRegen  0.11/turn              h - ring of magical power
MPRegen  0.12/turn              (no ring)

@: no status effects
A: retaliatory headbutt, horns 2
a: no special abilities


You were on level 3 of the Dungeon.
You were hungry.

You visited 1 branch of the dungeon, and saw 3 of its levels.

You collected 94 gold pieces.

Inventory:

Hand Weapons
 a - a +0 long sword
 p - a +0 dagger of freezing (weapon)
Armour
 b - a +0 scale mail (worn)
 c - a +0 shield (worn)
Jewellery
 h - a ring of magical power (left hand)
 r - an uncursed ring of protection from cold {unknown}
Scrolls
 e - 6 scrolls of identify {unknown}
 i - a scroll of fear {unknown}
 j - 2 scrolls of teleportation {unknown}
 k - 2 scrolls of random uselessness {unknown}
 m - a scroll of magic mapping {unknown}
 o - a scroll of remove curse {unknown}
Potions
 d - a potion of might
 n - 2 potions of lignification {unknown}
 q - a potion of berserk rage {unknown}
Comestibles
 f - a bread ration
 g - 2 royal jellies
 l - 3 fruits


   Skills:
 + Level 4.1 Fighting
 * Level 3.6 Long Blades
 + Level 4.1 Armour
 + Level 4.0 Shields


You had 2 spell levels left.
You didn't know any spells.

Dungeon Overview and Level Annotations

Branches:
Dungeon (3/15)

Altars:
Dithmenos
Qazlal
Trog

Annotations:
D:3 Amnesiac's ghost, amateur DENe


Innate Abilities, Weirdness & Mutations

You reflexively headbutt those who attack you in melee.
You have a pair of horns on your head.


Message History

You barely miss Amnesiac's ghost.
Amnesiac's ghost is severely damaged.
You block Amnesiac's ghost's attack.
You barely miss Amnesiac's ghost. Your headbutt misses Amnesiac's ghost.
Amnesiac's ghost is severely damaged.
You block Amnesiac's ghost's attack.
You hit Amnesiac's ghost but do no damage.
Amnesiac's ghost is severely damaged.
Amnesiac's ghost is infused with unholy energy.
* * * LOW HITPOINT WARNING * * *
Amnesiac's ghost draws life force from you and is healed!
You hit Amnesiac's ghost. You freeze Amnesiac's ghost.
Your headbutt misses Amnesiac's ghost.
Amnesiac's ghost is severely damaged.
You block Amnesiac's ghost's attack.
You hit Amnesiac's ghost but do no damage.
Your headbutt misses Amnesiac's ghost.
Amnesiac's ghost is severely damaged.
Amnesiac's ghost is infused with unholy energy.
You die...

####.......## ##....#
............####.....###
............'...).......
#..........####...#.###
#.......# ##.##.#
##.%...## ####.# ##.w.##
#.# ##W## #.# ##@######
#.# ######.......# #.#
#.......####.# #.#
#.###....###.# #.#
.........##.#######.#
#.##.................#
#.........#########
#..##.##### #.....#


You could see a worm and Amnesiac's ghost.

Vanquished Creatures
  An adder (D:2)
  2 worms (D:2)
  2 dart slugs (D:1)
  2 giant cockroaches (D:1)
  4 goblins
  2 hobgoblins (D:1)
  5 jackals (D:2)
  3 bats
  3 frilled lizards
  6 kobolds
  2 rats (D:2)
32 creatures vanquished.

Notes
Turn   | Place    | Note
-------+----------+-------------------------------------------
     0 | D:1      | lemonriz the Minotaur Fighter began the quest for the Orb.
     0 | D:1      | Reached XP level 1. HP: 19/19 MP: 0/0
   198 | D:1      | Reached XP level 2. HP: 25/27 MP: 1/1
   895 | D:2      | Reached XP level 3. HP: 28/33 MP: 2/2
  1299 | D:3      | Found a bloodstained altar of Trog.
  1302 | D:3      | Found a shadowy altar of Dithmenos.
  1304 | D:3      | Found a stormy altar of Qazlal.
  1362 | D:3      | Noticed Amnesiac's ghost (amateur DENe)
  1396 | D:3      | Killed from afar by Amnesiac's ghost

Vault maps used:
D:1:      dpeg_arrival_windows_large_door, hangedman_glass_teeth
D:2:      serial_forest, infiniplex_forest_clump_diagonal,
          infiniplex_forest_straight_3, infiniplex_forest_end_2,
          infiniplex_forest_lined_2, infiniplex_forest_pool,
          infiniplex_forest_lined_corner
D:3:      nicolae_overflow_hidden_temple, first_bread, trog_eyes_of_draining

Skill      XL: |  1  2  3 |
---------------+----------+-----
Long Blades    | 3 |  3.6
Armour         | 4 |  4.1
Fighting       | 4 |  4.1
Shields        | 4 |  4.0

Action                   || total
-------------------------++-------
Melee: Long sword        ||    66
       Headbutt          ||    15
       Dagger            ||    48
  Eat: Chunk             ||     1
Armor: Scale mail        ||    36
Dodge: Dodged            ||    24
Block: Shield            ||    58
       Rpst.: Long sword ||     5

Table legend:
 A = Spawn XP
 B = Non-spawn XP
 C = Spawn XP percentage of total XP
 D = Spawn monster count
 E = Non-spawn monster count
 F = Spawn count percentage of total count
 G = Total turns spent on level
                    A         B        C        D         E        F      G
               +---------+---------+-------+---------+---------+-------+---------
         Total |       0 |      75 |   0.0 |       0 |      32 |   0.0 |  1396
               +---------+---------+-------+---------+---------+-------+---------
           D:1 |       0 |      24 |   0.0 |       0 |      12 |   0.0 |   784
           D:2 |       0 |      49 |   0.0 |       0 |      19 |   0.0 |   512
           D:3 |       0 |       2 |   0.0 |       0 |       1 |   0.0 |   100
               +---------+---------+-------+---------+---------+-------+---------
